 Dungeon Crawl Stone Soup version 0.27.1 (webtiles) character file.

Game seed: 17569567763435356954

32 H0rd4k the Caller (level 3, 0/24 HPs)
             Began as a Barachi Summoner on Aug 27, 2021.
             Slain by Terence (2 damage)
             ... on level 2 of the Dungeon.
             The game lasted 00:02:37 (2213 turns).

H0rd4k the Caller (Barachi Summoner)                Turns: 2213, Time: 00:02:38

Health: 0/24       AC:  2    Str:  9    XL:     3   Next: 27%
Magic:  1/7        EV: 12    Int: 16    God:
Gold:   97         SH:  0    Dex: 12    Spells: 4/8 levels left

rFire    . . .     SeeInvis .   d - staff of air
rCold    . . .     Faith    .   (no shield)
rNeg     . . .     Spirit   .   a - +0 robe
rPois    .         Reflect  .   (no helmet)
rElec    +         Harm     .   (no cloak)
rCorr    .         Rampage  .   (no gloves)
Will     .....                  (no boots)
Stlth    ++........             (no amulet)
HPRegen  0.08/turn              (no ring)
MPRegen  0.10/turn              (no ring)

@: slow
A: amphibious, slowness 1, strong legs 1, +LOS
a: Hop


You were on level 2 of the Dungeon.
You visited 1 branch of the dungeon, and saw 2 of its levels.

You collected 97 gold pieces.

Inventory:

Missiles
 b - a throwing net
Armour
 a - a +0 robe (worn)
Magical Staves
 d - a staff of air (weapon)
Scrolls
 c - a scroll of acquirement {unknown}
 g - a scroll of teleportation {unknown}
 h - a scroll of amnesia {unknown}
 i - a scroll of vulnerability {unknown}
 j - a scroll of magic mapping {unknown}
Potions
 e - a potion of invisibility {unknown}
 f - a potion of might {unknown}


   Skills:
 + Level 2.1 Dodging
 - Level 1.7 Stealth
 * Level 3.0 Spellcasting
 * Level 5.5 Summonings


You had 4 spell levels left.
You knew the following spells:

 Your Spells              Type           Power      Damage    Failure   Level
a - Summon Small Mammal   Summ           80%        N/A       1%          1
b - Call Canine Familiar  Summ           20%        N/A       5%          3

Your spell library contained the following spells:

 Spells                   Type           Power      Damage    Failure   Level
 Call Imp                 Summ           20%        N/A       2%          2
 Summon Guardian Golem    Hex/Summ       11%        N/A       19%         3
 Summon Lightning Spire   Summ/Air       17%        N/A       52%         4


Dungeon Overview and Level Annotations

Branches:
Dungeon (2/15)

Altars:

Annotations:
D:1 exclusion: downstairs
D:2 Terence


Innate Abilities, Weirdness & Mutations

You are amphibious.
You cover ground slowly.
You can hop short distances.
You have an extended range of vision and can be seen from far away.


Message History

What are your orders? t - Croak!
Orders for allies: a - Attack new target. r - Retreat! s - Stop attacking. g - Guard the area. f - Follow me.
Anything else - Cancel.
Guard this area!
Your hound bites Terence but does no damage.
Terence throws a stone.
The stone hits your hound.
Your hound bites Terence.
Your hound completely misses Terence.
Terence misses your hound.
Your hound bites Terence.
Your hound bites Terence but does no damage.
Terence misses your hound.
Your hound bites Terence.
Terence hits your hound with a +1 vorpal trident!
Your hound dies!
Your hound's corpse disappears in a puff of smoke!
Terence throws a stone.
The stone hits you.
Terence throws a stone.
The stone hits you.
You aren't carrying any items that you can evoke.
Casting: Call Canine Familiar (quite dangerous; 5% risk of failure)
Confirm with . or Enter, or press ? or * to list all spells.
Terence throws a stone.
The stone barely misses you. What are your orders? t - Croak!
Orders for allies: a - Attack new target. r - Retreat! s - Stop attacking. g - Guard the area. f - Follow me.
Anything else - Cancel.
Guard this area!
Terence throws a stone.
The stone hits your quokka.
Your quokka closely misses Terence.
Terence barely misses your quokka.
Your quokka barely misses Terence.
Terence hits your quokka with a +1 vorpal trident.
Your quokka dies!
Your quokka's corpse disappears in a puff of smoke!
Terence throws a stone.
The stone hits you.
Terence hits you from afar with a +1 vorpal trident!
* * * LOW HITPOINT WARNING * * *
You die...

.........)....#......#
.........####.##...###
#.......## #...#.###.#
##.....## #.###.###.#
##...## #.# #..##.#
##'## #.# ##.##.# #.#
#.# #..##.# #.# #.#
#.###.#
##.#######.###@###.#
##...#....ยงยง.@......#
##......###.####.#####
............# #.#
####.##.....####.# #
####..........#
############


You could see Terence.

Vanquished Creatures (collateral kills)
  2 adders
  2 dart slugs (D:1)
  3 ball pythons (D:1)
  5 endoplasms
  A goblin (D:1)
  7 hobgoblins
  A jackal (D:2)
  2 quokkas (D:1)
  2 bats
  4 kobolds
  3 rats
32 creatures vanquished.

Vanquished Creatures (others)
  2 fungi (D:2)
  4 plants (D:2)
6 creatures vanquished.

Grand Total: 38 creatures vanquished

Notes
Turn   | Place    | Note
-------+----------+-------------------------------------------
     0 | D:1      | H0rd4k the Barachi Summoner began the quest for the Orb.
     0 | D:1      | Reached XP level 1. HP: 13/13 MP: 3/3
   185 | D:1      | Reached skill level 5 in Summonings
   361 | D:1      | Reached XP level 2. HP: 19/19 MP: 0/5
  1248 | D:2      | Noticed Terence
  1600 | D:2      | Reached XP level 3. HP: 18/24 MP: 1/7
  1604 | D:2      | Learned a level 3 spell: Call Canine Familiar
  2213 | D:2      | Slain by Terence

Illustrated notes

Levels and vault maps discovered:
D:1:      matt_arrival_los_fun, layout_basic, minmay_small_reverse_x
D:2:      minmay_skewed_foursquare, layout_loops_corners,
          shapermc_ecumenical_altar_mp_ritualfount, uniq_terence

Skill      XL: |  1  2  3 |
---------------+----------+-----
Summonings     | 5 |  5.5
Spellcasting   | 3 |  3.0
Dodging        | |  2.1
Stealth        | |  1.7

Action                   || total
-------------------------++-------
Melee: Staff             ||     1
 Cast: Summon Small Mamm ||    87
       Call Canine Famil ||     4
Armor: Robe              ||     2
Dodge: Dodged            ||    39
